Map: Ephemeron LE

Players

RuFF

  • Race: Terran Terran
  • League: Master
  • Spawn Location: 5:00

Minty - Winner!

  • Race: Terran Terran
  • Spawn Location: 11:00

VOD

Have the link to the VOD?

Description

Time

  • Played on: Dec. 15, 2019, 12:16 p.m.
  • Length: 13:49
Show
View Real Time Build Order
Export as new Build Order

RuFF Terran 

Build Orders:  

Get SALT Encoding   

  12  0:02  SCV  
  13  0:14  SCV  
  13  0:18  Supply Depot  
  14  0:26  SCV  
  15  0:33  Refinery  
  15  0:39  SCV  
  16  0:45  Barracks  
  16  0:51  SCV  
  16  0:57  Refinery  
  17  1:04  SCV  
  18  1:16  SCV  
  19  1:32  Orbital Command  
  19  1:37  Ghost Academy  
  19  1:38  Barracks Tech Lab  
  19  1:48  Supply Depot  
  19  1:58  SCV  
  20  2:06  Ghost  
  22  2:11  SCV  
  23  2:22  Factory  
  23  2:26  SCV  
  24  2:34  Ghost  
  26  2:46  Supply Depot  
  26  2:54  Personal Cloaking  
  26  2:56  SCV  
  27  3:09  SCV  
  28  3:15  Starport  
  28  3:35  Ghost  
  28  3:36  Command Center  
  28  3:39  SCV  
  31  3:42  Supply Depot  
  31  3:55  Medivac  
  33  3:57  SCV  
  34  4:09  SCV  
  33  4:17  Ghost  
  35  4:31  SCV  
  36  4:36  Nuke  
  36  4:43  SCV  
  37  4:51  Ghost Academy  
  37  4:55  SCV  
  37  4:56  Factory Reactor  
  38  5:05  Viking  
  32  6:18  Nuke  
  32  6:39  Starport Reactor, Factory Reactor  
  30  6:43  SCV  
  30  6:46  Orbital Command, Refinery  
  29  6:47  Refinery  
  29  6:55  SCV  
  29  6:57  Ghost  
  28  7:06  Supply Depot  
  28  7:07  SCV  
  29  7:11  SCV  
  29  7:15  Hellion x2  
  34  7:17  Viking  
  34  7:19  SCV  
  34  7:21  Viking  
  39  7:31  SCV  
  39  7:36  Hellion  
  39  7:37  Hellion  
  41  7:43  SCV  
  41  7:46  Ghost  
  41  7:48  Viking  
  41  7:51  Viking  
  47  7:55  SCV x2  
  47  7:58  Hellion x2  
  53  8:00  Supply Depot  
  53  8:07  SCV x2  
  53  8:09  Nuke  
  55  8:25  Hellion x2, Viking x2  
  63  8:30  SCV  
  64  8:46  Hellion x2  
  68  8:51  SCV  
  69  9:08  Viking x2  
  69  9:09  SCV  
  76  9:19  SCV  
  76  9:23  SCV  
  74  9:28  Factory  
  74  9:29  Ghost, Factory  
  72  10:04  Hellion x2  
  64  10:25  Factory Tech Lab x2  
  64  10:26  Hellion  
  64  10:28  Ghost  
  62  10:31  Command Center  
  58  10:43  Medivac x2  
  58  10:47  SCV  
  58  10:48  Infernal Pre-Igniter  
  61  10:53  Armory  
  61  10:55  Armory  
  61  11:13  Medivac x2  
  63  11:25  Hellion, Siege Tank x2  
  73  11:26  Hellion  
  73  11:28  SCV x2  
  75  11:37  Supply Depot  
  75  11:40  SCV x2  
  75  11:41  Engineering Bay  
  75  11:44  Terran Vehicle And Ship Armor Level 1, Terran Vehicle Weapons Level 1  
  77  11:51  Engineering Bay  
  77  11:52  SCV x2  
  79  12:00  Siege Tank  
  62  12:23  Viking x2  
  62  12:25  Missile Turret  
  63  12:41  SCV x2  
  63  12:42  Planetary Fortress  
  65  12:52  Viking  
  65  12:53  Viking  
  65  13:10  SCV  
  68  13:35  SCV x2  
  68  13:36  SCV  
  68  13:39  Refinery  
Show
View Real Time Build Order
Export as new Build Order

Minty Terran - Winner!

Build Orders: Liberator Opening 

Get SALT Encoding   

  12  0:00  SCV  
  13  0:12  SCV  
  14  0:17  Supply Depot  
  14  0:24  SCV  
  15  0:28  Refinery  
  15  0:38  SCV  
  16  0:46  Barracks  
  16  0:50  SCV  
  16  0:55  Refinery  
  17  1:03  SCV  
  18  1:15  SCV  
  19  1:32  Reaper  
  19  1:33  Orbital Command  
  19  1:37  Factory  
  20  1:44  Supply Depot  
  20  1:59  SCV  
  21  2:05  Reaper  
  22  2:11  SCV  
  23  2:21  Hellion  
  25  2:23  SCV  
  25  2:29  Command Center  
  26  2:35  SCV  
  27  2:40  Bunker, Marine  
  27  2:42  Factory Tech Lab  
  27  2:54  SCV  
  27  2:55  Starport  
  28  2:59  Marine  
  28  3:04  Cyclone  
  31  3:16  Supply Depot  
  31  3:20  Liberator  
  31  3:32  SCV  
  30  3:41  Engineering Bay, Orbital Command  
  33  3:44  SCV  
  34  3:48  Siege Tank  
  34  3:55  Barracks Reactor  
  37  3:56  SCV  
  38  4:08  SCV  
  38  4:09  SCV  
  40  4:20  SCV  
  40  4:21  SCV, Siege Tank, Starport Tech Lab  
  42  4:32  SCV  
  42  4:33  SCV, Marine  
  42  4:34  Marine  
  46  4:39  Viking  
  46  4:40  Missile Turret x2  
  46  4:44  SCV  
  49  4:46  SCV  
  49  4:49  Supply Depot  
  49  4:51  Marine x2  
  52  4:58  SCV  
  53  5:00  Refinery  
  53  5:05  Supply Depot  
  53  5:08  SCV  
  53  5:11  SCV, Siege Tank  
  58  5:20  SCV  
  59  5:22  Missile Turret  
  59  5:23  SCV  
  60  5:35  Raven  
  61  5:49  Marine  
  57  5:50  Marine  
  57  5:55  SCV  
  60  6:02  SCV  
  58  6:07  Marine x2  
  58  6:13  SCV  
  58  6:14  SCV  
  58  6:18  Cyclone  
  59  6:25  SCV  
  59  6:27  SCV  
  61  6:38  SCV  
  61  6:39  SCV  
  60  6:50  SCV  
  60  6:51  SCV  
  58  7:02  SCV  
  59  7:13  SCV, Siege Tank  
  59  7:14  Barracks  
  59  7:15  SCV  
  64  7:16  Barracks  
  64  7:17  Refinery  
  64  7:20  Barracks  
  64  7:22  Barracks  
  64  7:25  SCV  
  64  7:27  SCV  
  67  7:37  SCV  
  67  7:39  SCV  
  67  7:43  Marine x2  
  67  7:44  Raven  
  67  7:49  SCV  
  70  7:54  Supply Depot  
  70  7:55  Command Center  
  70  7:56  Supply Depot  
  70  7:57  Supply Depot  
  70  8:04  Barracks Reactor, Barracks Tech Lab  
  70  8:08  Barracks Reactor  
  70  8:13  Barracks Reactor  
  70  8:16  SCV x2, Marine x2, Siege Tank  
  70  8:18  Supply Depot  
  77  8:20  Supply Depot  
  77  8:28  SCV x2  
  77  8:30  Marine  
  78  8:40  Barracks Reactor, SCV  
  79  8:45  Marine x4, Supply Depot  
  83  8:49  SCV  
  83  8:50  Supply Depot x2  
  83  8:52  Marine x2  
  83  8:53  Marine  
  83  8:54  Stimpack  
  82  9:02  Marine  
  82  9:03  Marine  
  82  9:04  Marine  
  82  9:06  Marine  
  82  9:07  Siege Tank  
  87  9:10  Marine x2  
  87  9:12  Marine  
  87  9:13  Orbital Command  
  90  9:17  Supply Depot  
  90  9:20  Marine  
  90  9:21  Marine  
  90  9:22  Marine, Starport Reactor  
  93  9:26  Barracks x2  
  93  9:30  Marine  
  93  9:31  Barracks  
  94  9:32  Marine  
  94  9:34  Marine  
  94  9:36  Marine  
  97  9:45  Marine  
  97  9:47  Marine  
  97  9:49  Marine x2, Orbital Command  
  101  9:56  Marine x2, Marauder  
  101  9:58  Missile Turret  
  105  10:00  Marine x2  
  105  10:03  Marine, Medivac x2  
  105  10:04  Refinery  
  112  10:08  Marine, Supply Depot, Refinery  
  112  10:09  Marine  
  112  10:10  Cyclone  
  117  10:15  Command Center  
  117  10:18  SCV  
  117  10:19  Marine x2  
  112  10:28  Marine x4  
  112  10:31  SCV  
  117  10:40  SCV x2  
  117  10:42  Marine x2  
  115  10:43  Siege Tank, Medivac x2  
  115  10:44  SCV  
  122  10:52  SCV x2  
  122  10:55  Terran Infantry Weapons Level 1  
  122  10:56  SCV, Sensor Tower  
  125  10:57  Missile Turret  
  125  10:58  Barracks Tech Lab x2  
  125  11:04  SCV, Combat Shield  
  125  11:05  SCV  
  125  11:09  SCV, Marine x3  
  125  11:10  Marine x3  
  134  11:16  SCV  
  134  11:17  Marine  
  136  11:20  Marine  
  137  11:26  Supply Depot  
  137  11:27  Medivac x2  
  137  11:28  Siege Tank, Supply Depot  
  144  11:33  SCV  
  145  11:45  Marine x2  
  147  11:47  Concussive Shells, Armory  
  147  11:49  Engineering Bay  
  147  11:50  SCV  
  148  11:56  Marine  
  148  11:57  SCV x2  
  148  11:58  Refinery  
  146  12:08  Marine  
  146  12:14  SCV  
  137  12:21  Marine  
  137  12:22  Marauder x4  
  144  12:26  Supply Depot  
  144  12:37  Marine x4  
  143  12:38  Medivac x2  
  143  12:43  Marine, Marauder x4  
  159  12:44  Marine  
  159  12:47  Supply Depot  
  159  12:48  Supply Depot  
  159  12:59  SCV  
  159  13:05  Marauder x2  
  164  13:08  Marine x3, Marauder  
  164  13:09  SCV, Marauder  
  172  13:20  Refinery  
  172  13:26  Marauder x2  
  172  13:33  SCV  
Tags
 
League
Master
Matchup
TvT
Race
Terran
Spawn Locations
Cross Positions
Add a new tag
Caveats
  • Supply blocks, unpowered buildings, or Contaminate may cause inaccurate times.
  • Supply counts are checked every 10 seconds.